Map: Battle on the Boardwalk LE

Players

meowmeowcute

  • Race: Zerg Zerg
  • Spawn Location: 11:00

VOD

Have the link to the VOD?

Description

Time

  • Played on: Dec. 20, 2017, 2:57 p.m.
  • Length: 32:03
Show
View Real Time Build Order
Export as new Build Order

meowmeowcute Zerg 

Build Orders:  

Get SALT Encoding   

  12  0:19  Drone  
  13  0:20  Drone  
  13  0:25  Overlord  
  14  0:51  Drone  
  15  1:16  Spawning Pool  
  15  1:18  Drone x2  
  16  1:28  Extractor  
  15  1:31  Drone  
  16  1:48  Evolution Chamber  
  15  1:51  Drone  
  16  2:00  Drone  
  17  2:11  Drone  
  17  2:17  Extractor  
  17  2:21  Queen  
  17  2:29  Drone  
  20  2:56  Spine Crawler  
  20  2:57  Zergling x2  
  20  2:58  Zergling x2  
  21  3:31  Drone  
  21  3:35  Overlord  
  22  4:02  Drone  
  22  4:04  Overlord  
  23  4:28  Drone x2  
  25  4:42  Lair  
  25  4:47  Roach Warren  
  24  5:25  Drone x2  
  24  5:26  Drone  
  27  5:31  Zerg Ground Armor Level 1  
  27  6:03  Baneling Nest  
  26  6:20  Drone x4  
  26  6:21  Drone  
  31  6:43  Roach  
  33  7:12  Hatchery  
  32  7:27  Roach x2  
  32  7:28  Roach  
  38  7:36  Hatchery  
  37  7:51  Hydralisk Den  
  36  8:02  Roach  
  38  8:10  Extractor  
  38  8:14  Overlord  
  37  8:39  Queen  
  39  8:45  Hydralisk x3  
  45  9:03  Overlord x3  
  45  9:17  Hydralisk  
  47  9:45  Spire  
  46  9:59  Zerg Missile Weapons Level 1  
  46  10:04  Glial Reconstitution  
  32  10:30  Hydralisk  
  32  10:31  Hydralisk  
  22  11:23  Roach x3  
  28  11:30  Roach  
  28  11:31  Roach x2  
  28  11:32  Unknown  
  28  11:34  Queen  
  36  11:41  Drone  
  36  11:42  Drone x2  
  39  11:54  Roach, Tunneling Claws  
  37  12:14  Roach x3  
  41  12:31  Drone x3  
  44  12:49  Queen  
  46  13:09  Zerg Melee Weapons Level 1  
  46  13:11  Mutalisk  
  46  13:12  Mutalisk  
  50  13:20  Mutalisk x2  
  54  13:32  Extractor  
  54  13:38  Extractor  
  54  13:39  Drone x3  
  55  13:56  Mutalisk  
  55  13:57  Mutalisk  
  59  14:12  Mutalisk  
  61  14:28  Mutalisk  
  63  14:44  Roach  
  63  14:45  Roach x2  
  69  14:50  Roach x3  
  75  15:04  Drone x3  
  78  15:20  Drone  
  78  15:21  Drone x2  
  67  16:22  Roach x2  
  67  16:23  Roach x4  
  79  16:36  Mutalisk  
  81  16:43  Overlord x2  
  81  16:44  Overlord  
  81  17:03  Extractor  
  80  17:12  Corruptor  
  80  17:13  Corruptor  
  84  17:43  Nydus Network  
  83  17:50  Mutalisk x2, Nydus Network  
  83  17:51  Mutalisk  
  88  18:16  Zerg Ground Armor Level 2  
  88  18:22  Queen  
  90  18:33  Drone x2  
  92  18:44  Overlord  
  92  18:45  Overlord  
  92  18:49  Drone  
  93  18:50  Drone  
  93  18:52  Corruptor  
  93  18:57  Metabolic Boost  
  96  19:10  Pneumatized Carapace  
  96  19:19  Drone x2  
  117  19:20  Drone  
  99  19:32  Drone x3  
  102  20:04  Centrifical Hooks  
  102  20:06  Zerg Flyer Armor Level 1  
  102  20:22  Roach x3  
  102  20:26  Drone  
  102  20:27  Drone x2  
  111  20:44  Drone x2  
  111  20:45  Drone x3  
  116  21:12  Infestation Pit  
  116  21:19  Lurker Den  
  114  21:23  Corruptor x3  
  114  21:26  Zerg Missile Weapons Level 2  
  130  21:30  Overlord x3  
  120  21:48  Drone  
  120  21:49  Drone  
  122  21:56  Overlord  
  66  23:16  Zerg Flyer Weapons Level 1  
  62  23:26  Swarm Host  
  62  23:28  Swarm Host x2  
  69  23:45  Mutalisk x4  
  69  23:46  Mutalisk x2  
  69  24:04  Roach x2  
  69  24:05  Roach  
  60  24:43  Mutalisk  
  60  24:44  Mutalisk  
  60  25:15  Mutalisk  
  60  25:16  Mutalisk  
  64  25:41  Mutalisk x2  
  68  26:09  Hatchery  
  67  26:18  Hatchery  
  68  26:51  Hatchery  
  18  28:10  Spawning Pool  
  18  28:19  Evolution Chamber  
  10  29:38  Drone  
  10  29:39  Drone x2  
  4  30:05  Drone  
  5  30:18  Extractor  
  5  30:19  Drone  
  5  30:39  Hatchery  
  3  30:44  Extractor, Drone x2  
  4  31:00  Drone  
  4  31:06  Drone x3  
  3  31:40  Extractor  
Tags
 
Add a new tag
Caveats
  • Supply blocks, unpowered buildings, or Contaminate may cause inaccurate times.
  • Supply counts are checked every 10 seconds.